 Dungeon Crawl Stone Soup version 0.14-a0-1773-ge500af7 (webtiles) character file.

1946 Medar the Cleaver (level 8, -14/64 HPs)
             Began as a Lava Orc Chaos Knight on Jan 6, 2014.
             Was a Plaything of Xom.
             Demolished by an ogre
             ... wielding a +0,+0 giant club
              (15 damage)
             ... on Level 5 of the Dungeon.
             The game lasted 00:19:09 (5448 turns).

Medar the Cleaver (Lava Orc Chaos Knight)           Turns: 5448, Time: 00:19:09

HP -14/64        AC 10     Str 17      XL: 8   Next: 95%
MP   8/8         EV  8     Int 15      God: Xom
Gold 28          SH  0     Dex 10      Spells:  0 memorised,  7 levels left

rFire  + + .     SeeInvis .     a - +0 orc hand axe (chaos)
rCold  . . .     Clarity  .     y - +0 orc scale mail
rNeg   . . .     Conserve .     (no shield)
rPois  .         rCorr    .     (helmet restricted)
rElec  .         rRot     .     (no cloak)
SustAb . .       Spirit   .     (no gloves)
rMut   .         Warding  .     m - +0 pair of dwarf boots
Saprov + . .     RndTele  +     (no amulet)
                                A - +3 ring of intelligence
                                F - ring of teleportation

@: confused, slightly resistant to hostile enchantments, extremely unstealthy
A: antennae 1, conserve scrolls, saprovore 1
a: Renounce Religion, Evoke Teleportation


You were on level 5 of the Dungeon.
You worshipped Xom.
You were a plaything of Xom.
You were hungry.

You visited 2 branches of the dungeon, and saw 6 of its levels.

You collected 184 gold pieces.
You spent 156 gold pieces at shops.

Inventory:

Hand weapons
 a - a +0,+0 orcish hand axe of chaos (weapon)
 u - a -1,+1 orcish hand axe
Armour
 m - a +0 pair of dwarven boots (worn)
 y - a +0 orcish scale mail (worn)
Magical devices
 v - a wand of digging (14)
Comestibles
 c - 2 meat rations
 j - a bread ration
 n - a snozzcumber
 z - a cheese
 E - 7 sultanas
Scrolls
 d - 2 scrolls of blinking
 e - 2 scrolls of enchant weapon I
 f - 3 scrolls of enchant weapon II
 k - a scroll of fog {unknown}
 l - 2 scrolls of teleportation
 q - 3 scrolls of recharging
 s - a scroll of curse armour
 t - a scroll of immolation
 w - a scroll of noise {unknown}
 x - a scroll of remove curse
 B - a scroll of fear
 C - a scroll of summoning
 D - a scroll of magic mapping {unknown}
Jewellery
 h - an uncursed ring of wizardry
 r - an uncursed ring of flight
 A - a +3 ring of intelligence (right hand)
 F - a ring of teleportation (left hand)
Potions
 g - a potion of magic
 i - a potion of restore abilities
 o - a potion of flight


   Skills:
 - Level 3.6 Fighting
 + Level 11.5 Axes
 - Level 7.8 Armour
 - Level 0.7 Dodging


You had 7 spell levels left.
You didn't know any spells.

Dungeon Overview and Level Annotations

Branches:
Dungeon (5/16)             Temple (1/1) D:4

Altars:
Kikubaaqudgha
Trog
the Shining One

Shops:
D:4 ?


Innate Abilities, Weirdness & Mutations

You have stony skin.
Your flesh is very heat resistant.
Your lava-based spells are more powerful.
Your flesh is vulnerable to cold.
Your heat harms attackers.
You bathe your surroundings in blazing heat.
You are too hot to use scrolls.
You are very good at protecting items from fire.
You can tolerate rotten meat.
You have a pair of small antennae on your head.


Message History

The ogre is severely wounded.
Xom titters.
You are confused.
The ogre closely misses you.
Drink which item? (? for menu, Esc to quit)
Okay, then.
Ouch! The ogre hits you with a giant club!
Ouch! That really hurt!
Ouch! The ogre hits you with a giant club!
Your scale mail prevents you from hitting the ogre.
The ogre is severely wounded.
Xom's power almost touches on you for a moment.
Distant voices call out to you!
Ouch! Your stony skin melts.
The ogre hits you with a giant club!
* * * LOW HITPOINT WARNING * * *
The ogre hits you with a giant club!
You die...
Xom titters!

#.######.#
#........#
##########
### #.$ #
#.# #
#.##.##.#
#...O..#
#@# #[#
#.......#
#######.#
### ###..
#+#....).
##.##.....


You could see an ogre (berserk).

Vanquished Creatures
  A human (D:2)
  4 yaks (D:5)
  3 phantoms
  2 ogres
  2 ice beasts
  A centaur (D:4)
  A giant frog zombie (D:5)
  3 orc wizards
  4 worker ants
  An iguana (D:4)
  A hound skeleton (D:5)
  A gnoll (D:5)
  A worker ant zombie (D:5)
  3 adders
  An inept item mimic (D:2)
  2 worms
  An adder skeleton (D:5)
  5 giant geckos
  An ooze (D:3)
  10 orcs
  A bat zombie (D:5)
  2 giant cockroaches
  6 jackals (D:3)
  14 kobolds
  3 quokkas
  8 bats
  A giant gecko skeleton (D:4)
  A giant gecko zombie (D:5)
  11 goblins
  10 hobgoblins
  A kobold skeleton (D:5)
  7 rats
113 creatures vanquished.

Vanquished Creatures (collateral kills)
  2 yaks (D:5)
  A rat (D:5)
3 creatures vanquished.

Vanquished Creatures (others)
  A white imp (D:4)
1 creature vanquished.

Grand Total: 117 creatures vanquished

Notes
Turn   | Place    | Note
--------------------------------------------------------------
     0 | D:1      | Medar, the Lava Orc Chaos Knight, began the quest for the Orb.
     0 | D:1      | Reached XP level 1. HP: 19/19 MP: 1/1
    46 | D:1      | XOM: divination: magic mapping
   112 | D:1      | Reached skill level 4 in Axes
   151 | D:1      | Reached XP level 2. HP: 15/26 MP: 2/2
   158 | D:1      | XOM: confusion
   558 | D:1      | XOM: give mutation
   558 | D:1      | Gained mutation: You have a pair of small antennae on your head. [Xom's mischief]
   687 | D:1      | Reached skill level 5 in Axes
   799 | D:2      | Reached XP level 3. HP: 31/31 MP: 3/3
   838 | D:2      | XOM: noise
  1048 | D:2      | XOM: 5-stop teleportation journey
  1050 | D:2      | Noticed a human
  1050 | D:2      | a worm changed into a human
  1057 | D:2      | Killed a human
  1057 | D:2      | Reached skill level 7 in Axes
  1057 | D:2      | Reached XP level 4. HP: 18/39 MP: 4/4
  1057 | D:2      | Reached XP level 5. HP: 20/45 MP: 5/5
  1095 | D:2      | XOM: silly message
  1395 | D:2      | Found a bloodstained altar of Trog.
  1780 | D:3      | XOM: colour smoke trail
  1916 | D:3      | XOM: silly message
  2004 | D:3      | Paralysed by a potion of paralysis for 4 turns
  2015 | D:3      | Reached skill level 8 in Axes
  2110 | D:3      | Reached XP level 6. HP: 36/51 MP: 6/6
  2232 | D:3      | Noticed an ice beast
  2252 | D:3      | Killed an ice beast
  2616 | D:3      | XOM: confusion
  2807 | D:4      | You fall through a shaft!
  2807 | D:5      | Entered Level 5 of the Dungeon
  2883 | D:4      | XOM: 3-stop teleportation journey
  2900 | D:4      | Reached skill level 9 in Axes
  3151 | D:4      | Found a staircase to the Ecumenical Temple.
  3156 | D:4      | Reached XP level 7. HP: 57/57 MP: 7/7
  3264 | D:4      | Reached skill level 10 in Axes
  3408 | D:4      | XOM: torment (30/57 hp)
  3495 | D:4      | XOM: confusion
  3496 | D:4      | XOM: 1-stop teleportation journey
  3617 | D:4      | XOM: summons friendly white imp
  3636 | Temple   | Entered the Ecumenical Temple
  3983 | D:4      | Found Kluine's Magic Scroll Shop.
  3991 | D:4      | Bought a scroll of fear for 42 gold pieces
  3991 | D:4      | Bought a scroll of summoning for 114 gold pieces
  4089 | D:4      | XOM: chaos upgrade
  4171 | D:4      | XOM: silly message
  4227 | D:5      | Noticed a yak
  4228 | D:5      | Noticed a yak
  4228 | D:5      | Noticed a yak
  4229 | D:5      | Noticed a yak
  4229 | D:5      | Noticed a yak
  4230 | D:5      | Noticed a yak
  4239 | D:5      | Killed a yak
  4242 | D:5      | Killed a yak
  4242 | D:5      | Reached skill level 5 in Armour
  4242 | D:5      | Reached XP level 8. HP: 52/64 MP: 8/8
  4247 | D:5      | XOM: repel stairs
  4249 | D:5      | XOM: confusion (+ monsters)
  4249 | D:5      | Killed a yak
  4269 | D:5      | XOM: enchant monster (bad)
  4270 | D:5      | Killed a yak
  4277 | D:5      | XOM: confuse monster(s)
  4286 | D:5      | Killed a yak
  4296 | D:5      | Killed a yak
  4384 | D:5      | XOM: noise
  4575 | D:5      | XOM: harmless Divn miscast
  4578 | D:5      | XOM: noise
  4696 | D:5      | Reached skill level 11 in Axes
  4726 | D:5      | XOM: torment (33/64 hp)
  4903 | D:5      | HP: 3/64 [ogre/giant club (15)]
  5273 | D:5      | XOM: enchant monster (bad)
  5444 | D:5      | XOM: confusion
  5447 | D:5      | XOM: harmless Summ miscast
  5448 | D:5      | HP: 1/64 [ogre/giant club (19)]
  5448 | D:5      | Demolished by an ogre

Action                   |  1- 3 |  4- 6 |  7- 9 || total
-------------------------+-------+-------+-------++-------
Melee: Hand axe          |    81 |   155 |   172 ||   408
Evoke: Wand              |       |     1 |       ||     1
  Use: Scroll            |     6 |     2 |     3 ||    11
       Potion            |     1 |     3 |     1 ||     5
 Stab: Paralysed         |     1 |       |     1 ||     2
       Petrified         |       |     2 |       ||     2
